 Seeded DCSS version 0.29.1-13-g9f3cf754e1 (webtiles) character file.

Game seed: 16245865983455551772 (custom seed)

1 OTABOTABOTAB the Caller (level 1, -1/11 HPs)
             Began as an Octopode Summoner on Jan 28, 2023.
             Slain by an endoplasm (2 damage)
             ... on level 1 of the Dungeon.
             The game lasted 00:00:11 (41 turns).

OTABOTABOTAB the Caller (Octopode Summoner)           Turns: 41, Time: 00:00:11

Health: -1/11      AC:  1    Str:  7    XL:     1   Next: 20%
Magic:  1/3        EV: 13    Int: 17    God:
Gold:   0          SH:  0    Dex: 12    Spells: 3/4 levels left

rFire   . . .      SeeInvis .   b - +0 dagger
rCold   . . .      Faith    .   (no shield)
rNeg    . . .      Spirit   .   (helmet restricted)
rPois   .          Reflect  .   (no amulet)
rElec   .          Harm     .   (no ring)
rCorr   .          Rampage  .   (no ring)
Will    .....                   (no ring)
Stlth   +++.......              (no ring)
HPRegen 0.03/turn               (no ring)
MPRegen 0.08/turn               (no ring)
                                (no ring)
                                (no ring)

@: no status effects
A: almost no armour, amphibious, 8 rings, camouflage 1, gelatinous body 1,
(nimble swimmer 1), tentacles
a: no special abilities


You were on level 1 of the Dungeon.
You visited 1 branch of the dungeon, and saw 1 of its levels.

Inventory:

Hand Weapons
 a - a +0 sling
   (You found it on level 1 of the Dungeon)
 b - a +0 dagger (weapon)
   (You found it on level 1 of the Dungeon)
Potions
 M - a potion of magic


   Skills:
 + Level 2.0 Dodging
 + Level 2.7 Stealth
 + Level 2.0 Spellcasting
 + Level 4.0 Summonings


You had 3 spell levels left.
You knew the following spells:

 Your Spells              Type           Power      Damage    Failure   Level
a - Summon Small Mammal   Summ           60%        N/A       3%          1

Your spell library contained the following spells:

 Spells                   Type           Power      Damage    Failure   Level
 Call Imp                 Summ           15%        N/A       5%          2
 Call Canine Familiar     Summ           15%        N/A       11%         3
 Summon Guardian Golem    Hex/Summ       8%         N/A       26%         3
 Summon Lightning Spire   Summ/Air       8%         N/A       63%         4


Dungeon Overview and Level Annotations

Branches:
Dungeon (1/15)

Altars:


Innate Abilities, Weirdness & Mutations

You cannot wear most types of armour.
You are amphibious.
You can wear up to eight rings at the same time.
Your skin changes colour to match your surroundings (Stealth+).
Your rubbery body absorbs attacks. (AC +1, EV +1)
((You are camouflaged when in or above water. (Stealth+)))
You have tentacles for arms and can constrict up to eight enemies at once.


Message History

Bad channel name for runrest: 'Jiyva says: Divide and consume' Welcome, OTABOTABOTAB the Octopode Summoner.
Game seed: 16245865983455551772 (custom seed)
Found a sling.
Found a staircase leading out of the dungeon.
a - a +0 sling
Found an escape hatch in the floor.
Found an escape hatch in the floor.
b - a +0 dagger A goblin comes into view.
It is wielding a +0 dagger.
A goblin is nearby!
a - a +0 sling (weapon)
You shoot a sling bullet. The sling bullet hits the goblin.
You shoot a sling bullet. The sling bullet hits the goblin.
You kill the goblin!
No target in view!
A quokka comes into view.
The quokka moves out of view.
No target in view!
No target in view!
No target in view!
A quokka and an endoplasm come into view.
You shoot a sling bullet.
The sling bullet closely misses the quokka.
The endoplasm quivers.
You shoot a sling bullet.
The sling bullet barely misses the quokka.
The quokka bites you.
You take 2 damage, and have 9/11 hp.
The quokka bites you.
You take 3 damage, and have 6/11 hp.
MASSIVE DAMAGE!!
You now have 2/3 mp.
Your bat hits the quokka but does no damage.
The quokka closely misses you.
You now have 1/3 mp.
Your bat hits the quokka but does no damage.
Your bat closely misses the quokka.
The quokka bites you.
* * * LOW HITPOINT WARNING * * *
Your bat hits the endoplasm.
You take 4 damage, and have 2/11 hp.
MASSIVE DAMAGE!!
Really attack while wielding your +0 sling? [Y]es or [N]o only, please.
Really attack while wielding your +0 sling? [Y]es or [N]o only, please.
Really attack while wielding your +0 sling?
Okay, then.
Unknown command.
b - a +0 dagger (weapon)
The quokka bites you.
* * * LOW HITPOINT WARNING * * *
Your bat hits the quokka.
You take 1 damage, and have 1/11 hp.
You barely miss the quokka. You grab the quokka.
You constrict the quokka, but do no damage.
Your bat hits the quokka but does no damage.
The quokka misses you. The endoplasm barely misses you.
You hit the quokka.
You tentacle-slap the quokka, but do no damage.
You constrict the quokka.
Your bat hits the quokka but does no damage.
The quokka closely misses your bat. The endoplasm hits you.
You die...

#.# #..# ..
...#. # #.#
#....# #.. ..
....# ##)..
#.###....#
#....
#..#.....#
#.....#.J#....#
.......b.@.#
#..#..##r###
.........####..
#####..........
##.#####... ##
##### ####..#
.# #...#
#....## .#
#.>.# #....#
.###...###....#


You could see an endoplasm, a quokka (distracted, ally target) and a friendly
bat (summoned).

Vanquished Creatures
  A goblin (D:1)
1 creature vanquished.

Notes
Turn   | Place    | Note
-------+----------+-------------------------------------------
     0 | D:1      | OTABOTABOTAB the Octopode Summoner began the quest for the
                  | Orb.
     0 | D:1      | Reached XP level 1. HP: 11/11 MP: 3/3
    38 | D:1      | HP: 2/11 [quokka (4)]
    41 | D:1      | Slain by an endoplasm

Illustrated notes

Levels and vault maps discovered:
D:1:      minmay_arrival_hallway, layout_loops_corners, basic_ecumenical_altar,
          minmay_unequal

Action                   || total
-------------------------++-------
Melee: Dagger            ||     2
       Constrict         ||     1
       Punch             ||     1
 Fire: Sling             ||     4
 Cast: Summon Small Mamm ||     2
Dodge: Dodged            ||     3

Table legend: (Time is in decaauts)
 A = Elapsed time spent in this place.
 B = Non-inter-level travel time spent in this place.
 C = Inter-level travel time spent in this place.
 D = Time resting spent in this place.
 E = Time spent auto-exploring this place.
 F = Levels seen in this place.
 G = Mean time per level.
                   A        B        C        D        E       F      G
               +--------+--------+--------+--------+--------+-----+--------+
         Total |     41 |     41 |      0 |      0 |     24 |   1 |   41.0 |
       Dungeon |     41 |     41 |      0 |      0 |     24 |   1 |   41.0 |
               +--------+--------+--------+--------+--------+-----+--------+

Top non-repeatable levels by time:
     D:1: 41 daAuts

Table legend:
 A = Kills in this place as a percentage of kills in entire the game.
 B = Kills by you in this place as a percentage of kills by you in the entire game.
 C = Kills by friends in this place as a percentage of kills by friends in the entire game.
 D = Other kills in this place as a percentage of other kills in the entire game.
 E = Experience gained in this place as a percentage of experience gained in the entire game.
 F = Experience gained in this place divided by the number of levels of this place that you have seen.
                   A       B       C       D       E      F
               +-------+-------+-------+-------+-------+----------------------
         Total | 100.0 | 100.0 |   N/A |   N/A | 100.0 |   2.0
       Dungeon | 100.0 | 100.0 |   N/A |   N/A | 100.0 |   2.0
               +-------+-------+-------+-------+-------+----------------------
